cohdb
Replays
Latest Replays
All Replays
Popular Replays
Top Player Replays
Match Explorer
How It Works
Community
CoH3 Stats
Reddit
Sign in to upload your games and track your stats! →
Sign in with Steam
Match 43744770
Unlisted
Match 43744770
Overview
Messages
Build Orders
End
Panzerpioneer Squad
250 Light Carrier
Panzerpioneer Squad
Construct Light Support Kompanie
MG34 Team
Selects Italian Infantry
Fire Support Elements
Panzerjäger Mechanized Group
Combat Half-tracks
Selects Guastatori Squad
Selects L6/40 Light Tank Combat Group
Guastatori Squad
Pak 38 Anti-tank Gun Team
iceman
Nozshand
oh SCHEIßE
Revy106
RO-KA
jakubirl
0
0
Comments
sign in to comment!
No comments posted yet!